 Dungeon Crawl Stone Soup version 0.20.1-1-g8b1a95d (webtiles) character file.

24 Blackhawk the Vexing (level 2, 0/11 HPs)
             Began as a Felid Enchanter on Oct 29, 2017.
             Slain by a hound (2 damage)
             ... on level 5 of the Dungeon on Oct 30, 2017.
             The game lasted 00:07:10 (1052 turns).

Blackhawk the Vexing (Felid Enchanter)              Turns: 1052, Time: 00:07:10

Health: 0/11       AC:  1    Str:  4    XL:     2   Next: 79%
Magic:  6/6        EV: 18    Int: 16    God:
Gold:   49         SH:  0    Dex: 16    Spells: 2/5 levels left
                                        Lives:  0   Deaths: 0

rFire    . . .     SeeInvis +     - Unarmed
rCold    . . .     Gourm    .   (shield unavailable)
rNeg     . . .     Faith    .   (armour unavailable)
rPois    .         Spirit   .   (helmet unavailable)
rElec    .         Reflect  .   (cloak unavailable)
rCorr    .         Harm     .   (gloves unavailable)
MR       .....                  (boots unavailable)
Stlth    +++.......             (no amulet)
Regen    0.1/turn               (no ring)
MPRegen  0.1/turn               (no ring)

@: quick
A: no armour, no weapons or thrown items, stealth, claws 1, fangs 3, see
invisible, carnivore 3, speed 1, shaggy fur 1, slow metabolism 1, sharp paws
a: no special abilities


You were on level 5 of the Dungeon.
You were completely stuffed.

You visited 1 branch of the dungeon, and saw 6 of its levels.

You collected 49 gold pieces.

Inventory:

Jewellery
 i - an uncursed amulet of harm {unknown}
Scrolls
 d - 2 scrolls of magic mapping {unknown}
 f - a scroll of remove curse {unknown}
Potions
 c - a potion of curing {unknown}
 e - 2 potions of haste {unknown}
Books
 a - a book of Maledictions

   Spells                             Type                      Level
   a - Corona                         Hexes                        1
   b - Ensorcelled Hibernation        Hexes/Ice                    2
   c - Confuse                        Hexes                        3
   d - Tukima's Dance                 Hexes                        3
   e - Dazzling Spray                 Conjuration/Hexes            3
Comestibles
 b - 2 meat rations
 g - 4 chunks of flesh
 h - a royal jelly


   Skills:
 + Level 3.0 Dodging
 * Level 4.5 Stealth
 - Level 1.4 Unarmed Combat
 - Level 2.1 Spellcasting
 + Level 4.9 Hexes


You had 2 spell levels left.
You knew the following spells:

 Your Spells              Type           Power        Failure   Level  Hunger
a - Corona                Hex            ###....      2%          1    #......
b - Ensorcelled Hibernat  Hex/Ice        #.....       11%         2    ###....


Dungeon Overview and Level Annotations

Branches:
Dungeon (6/15)
 Temple: D:4-7

Altars:

Shops:
D:6 !


Innate Abilities, Weirdness & Mutations

You cannot wear armour.
You are incapable of wielding weapons or throwing items.
Your paws allow you to move quietly. (Stealth)
You have sharp claws.
You have razor-sharp teeth.
You have supernaturally acute eyesight. (SInv)
You are carnivorous and can eat meat at any time.
You cover ground quickly.
You are covered in fur. (AC +1)
You have a slow metabolism.
Your sharp claws are effective at attacking unaware monsters.


Message History

* * * LOW HITPOINT WARNING * * *
The hound barely misses you.
You scratch the hound but do no damage.
The hound is moderately wounded.
The hound misses you.
You barely miss the hound. You bite the hound.
The hound is moderately wounded.
The hound misses you. The hound barely misses you.
You scratch the hound.
The hound is heavily wounded.
The hound closely misses you.
You scratch the hound.
The hound is severely wounded.
The hound completely misses you.
A ball python comes into view.
The ball python hisses angrily.
You scratch the hound. You bite the hound, but do no damage.
The hound is almost dead.
The hound closely misses you. The hound bites you.
You die...

##########
#.....(...
#.........
#.........
#........[
#h@.......
##.####...
#.# ...
... ....S
...##
....#


You could see a hound and a ball python.

Vanquished Creatures
  An adder (D:2)
  2 giant cockroaches
  2 goblins
  4 jackals (D:3)
  2 kobolds
  A quokka (D:3)
  A frilled lizard (D:3)
13 creatures vanquished.

Notes
Turn   | Place    | Note
-------+----------+-------------------------------------------
     0 | D:1      | Blackhawk the Felid Enchanter began the quest for the Orb.
     0 | D:1      | Reached XP level 1. HP: 7/7 MP: 4/4
   412 | D:2      | Reached XP level 2. HP: 10/11 MP: 6/6
   872 | D:3      | Learned a level 2 spell: Ensorcelled Hibernation
   999 | D:3      | You fall through a shaft for 3 floors!
  1013 | D:6      | Found Fathakhlu's Distillery.
  1043 | D:5      | Entered Level 5 of the Dungeon
  1052 | D:5      | Slain by a hound

Skill      XL: |  1 |
---------------+----+-----
Dodging        | 3 |  3.0
Stealth        | |  4.5
Unarmed Combat | |  1.4
Spellcasting   | |  2.1
Hexes          | |  4.9

Action                   || total
-------------------------++-------
Melee: Unarmed           ||    76
       Bite              ||     8
 Stab: Sleeping          ||     1
  Eat: Chunk             ||     8
Armor: Skin              ||     1
Dodge: Dodged            ||    73
